 Seeded DCSS version 0.30-a0-953-g5f1da4a474 (webtiles) character file.

Game seed: 3125986916090331667 (custom seed)

3 Parcival the Covered (level 1, 20/20 HPs)
             Began as a Minotaur Fighter on Mar 28, 2023.
             Quit the game on level 1 of the Dungeon.
             The game lasted 00:00:32 (47 turns).

Parcival the Covered (Minotaur Fighter)               Turns: 47, Time: 00:00:33

Health: 20/20      AC:  7    Str: 25    XL:     1   Next: 41%
Magic:  0/0        EV: 14    Int:  5    God:
Gold:   0          SH:  4    Dex:  9    Spells: 0/0 levels left

rFire   . . .      SeeInvis .    a - +0 war axe
rCold   . . .      Faith    .    c - +0 buckler
rNeg    . . .      Spirit   .    b - +0 scale mail
rPois   .          Reflect  .    (helmet restricted)
rElec   .          Rampage  .    (no cloak)
rCorr   .                        (no gloves)
Will    .....                    (no boots) Stlth
                                 (no amulet)
HPRegen 0.23/turn                e - ring of the Duchess {EV+5 Str+5 Slay-4}
MPRegen 0.07/turn                (no ring)

@: no status effects
A: horns 2, retaliatory headbutt
a: no special abilities


You were on level 1 of the Dungeon.
You visited 1 branch of the dungeon, and saw 1 of its levels.

Inventory:

Hand Weapons
 a - a +0 war axe (weapon)
Armour
 b - a +0 scale mail (worn)
 c - a +0 buckler (worn)
Jewellery
 e - the ring of the Duchess (left hand) {EV+5 Str+5 Slay-4}
   (You acquired it on level 1 of the Dungeon)

   [ring of evasion]

   EV:        It affects your evasion (+5).
   Str:       It affects your strength (+5).
   Slay:      It affects your accuracy & damage with ranged weapons and melee
   (-4).
Scrolls
 f - a scroll of brand weapon {unknown}
Potions
 d - a potion of might


   Skills:
 + Level 3.7 Fighting
 + Level 2.4 Axes
 + Level 3.7 Armour
 + Level 3.7 Shields


You couldn't memorise any spells.
You didn't know any spells.
Your spell library was empty.

Dungeon Overview and Level Annotations

Branches:
Dungeon (1/15)

Altars:


Innate Abilities, Weirdness & Mutations

You have a pair of horns on your head.
You reflexively headbutt those who attack you in melee.


Message History

The endoplasm quivers.
Found a scroll labelled ROKLIF FIDEHY.
You block the goblin's attack.
A goblin comes into view. It is wielding a +0 club.
The goblin shouts!
The endoplasm hits you but does no damage.
The endoplasm attacks as you move away! The endoplasm closely misses you.
The goblin attacks as you move away! The goblin hits you but does no damage.
The endoplasm attacks as you move away! The endoplasm hits you.
The goblin attacks as you move away! You block the goblin's attack.
The endoplasm closely misses you. You block the goblin's attack.
You see here a scroll labelled ROKLIF FIDEHY.
You slash the goblin!
You kill the goblin!
You hit the goblin. The goblin hits you with a +0 dagger.
You hit the endoplasm.
You kill the endoplasm!
You hit the goblin.
You kill the goblin!
You see here a +0 club.
e - a scroll labelled ROKLIF FIDEHY This is a scroll of acquirement!
Something appears at your feet!
You see here a +0 club.
e - the ring of the Duchess {EV+5 Str+5 Slay-4} You feel stronger.
e - the ring of the Duchess (left hand) {EV+5 Str+5 Slay-4} You aren't carrying any scrolls.
Okay, then.
You see here a +0 club.
Things that are here:
a +0 dagger; a goblin corpse
Found a short sword.
f - a scroll labelled WET RICICU A bat comes into view.
A bat is nearby!
The bat closely misses you. x2
The bat barely misses you.
Are you sure you want to abandon this character and quit the game? (Confirm with "yes".)

. ##. #.. #.# ..# # #.#
. #.##.###.#####..
.......@.......
###.###b....#..
#......?.....
####.###+###.
##.##~b.~~##
#.##b..P..~# .#.######
#.#~.P.8.P.~ ........#
##.#~..b♣...~
##.####.####..+.P..)..P.


You could see a bat.

Vanquished Creatures
  An endoplasm (D:1)
  2 goblins (D:1)
3 creatures vanquished.

Notes
Turn   | Place    | Note
-------+----------+-------------------------------------------
     0 | D:1      | Parcival the Minotaur Fighter began the quest for the Orb.
     0 | D:1      | Reached XP level 1. HP: 19/19 MP: 0/0
    24 | D:1      | Identified a scroll of acquirement
    24 | D:1      | Acquired the ring of the Duchess {EV+5 Str+5 Slay-4}
    47 | D:1      | Quit the game

Illustrated notes

Levels and vault maps discovered:
D:1:      amcnicky_arrival_single_pillar, layout_loops_cross,
          hangedman_glass_garden

Action                     || total
---------------------------++-------
  Melee: War axe           ||     2
    Use: Scroll            ||     1
 Armour: Scale mail        ||     2
  Dodge: Dodged            ||     5
  Block: Buckler           ||     3

Table legend: (Time is in decaauts)
 A = Elapsed time spent in this place.
 B = Non-inter-level travel time spent in this place.
 C = Inter-level travel time spent in this place.
 D = Time resting spent in this place.
 E = Time spent auto-exploring this place.
 F = Levels seen in this place.
 G = Mean time per level.
                   A        B        C        D        E       F      G
               +--------+--------+--------+--------+--------+-----+--------+
         Total |     47 |     47 |      0 |      0 |     16 |   1 |   47.0 |
       Dungeon |     47 |     47 |      0 |      0 |     16 |   1 |   47.0 |
               +--------+--------+--------+--------+--------+-----+--------+

Top non-repeatable levels by time:
     D:1: 47 daAuts
